 Dungeon Crawl Stone Soup version 0.29.1-12-g30fa7ad0bf (webtiles) character file.

Game seed: 2894815067832687351

40 mopl the Chopper (level 3, 0/27 HPs)
             Began as a Formicid Warper on Jan 6, 2023.
             Killed by divine providence
             ... invoked by an orc priest
              (12 damage)
             ... on level 3 of the Dungeon.
             The game lasted 00:01:47 (1533 turns).

mopl the Chopper (Formicid Warper)                  Turns: 1533, Time: 00:01:48

Health: 0/27       AC:  6    Str: 17    XL:     3   Next: 72%
Magic:  6/6        EV: 10    Int: 12    God:
Gold:   145        SH:  0    Dex: 13    Spells: 6/6 levels left

rFire   . . .      SeeInvis +   a - +0 hand axe
rCold   . . .      Faith    .   (no shield)
rNeg    . . .      Spirit   .   d - +0 scale mail
rPois   +          Reflect  .   (helmet unavailable)
rElec   .          Harm     .   (no cloak)
rCorr   .          Rampage  .   (no gloves)
Will    .....                   (no boots)
Stlth   ..........              (no amulet)
HPRegen 0.09/turn               m - ring of poison resistance
MPRegen 0.10/turn               (no ring)

@: no status effects
A: permanent stasis, dig shafts and tunnels, antennae 3, four strong arms
a: Dig, Shaft Self


You were on level 3 of the Dungeon.
You visited 1 branch of the dungeon, and saw 3 of its levels.

You collected 145 gold pieces.

Inventory:

Hand Weapons
 a - a +0 hand axe (weapon)
Missiles
 c - 7 boomerangs of dispersal
 e - 6 poisoned darts (quivered)
Armour
 d - a +0 scale mail (worn)
Jewellery
 m - a ring of poison resistance (left hand)
Scrolls
 b - 3 scrolls of magic mapping {unknown}
 g - 2 scrolls of blinking {unknown}
 h - a scroll of identify {unknown}
 i - a scroll of enchant armour {unknown}
 l - a scroll of fear {unknown}
 n - a scroll of teleportation {unknown}
Potions
 f - a potion of berserk rage {unknown}
 j - a potion of heal wounds {unknown}
 k - a potion of brilliance {unknown}


   Skills:
 - Level 2.1 Fighting
 + Level 3.8 Axes
 - Level 1.0 Throwing
 - Level 1.1 Armour
 - Level 1.7 Dodging
 - Level 2.1 Spellcasting
 - Level 2.6 Translocations


You had 6 spell levels left.
You didn't know any spells.
Your spell library contained the following spells:

 Spells                   Type           Power      Damage    Failure   Level
 Gell's Gravitas          Tloc           7%         N/A       67%         3
 Lesser Beckoning         Tloc           7%         N/A       67%         3
 Teleport Other           Tloc           7%         N/A       67%         3
 Manifold Assault         Tloc           7%         N/A       100%        5
 Blink                    Tloc           Unusable   N/A       N/A         2

Dungeon Overview and Level Annotations

Branches:
Dungeon (3/15)

Altars:

Shops:
D:1 (:?


Innate Abilities, Weirdness & Mutations

You cannot be hasted, slowed, berserked, paralysed or teleported.
You can dig through walls and to a lower floor.
You have a pair of large antennae on your head. (SInv)
Your four strong arms can wield two-handed weapons with a shield.


Message History

You now have 145 gold pieces (gained 13).
n - a scroll labelled HYICWO VAQOU An orc comes into view.
It is wielding a +0 club.
An orc comes into view. It is wielding a +0 war axe.
An orc priest comes into view. It is wielding a +0 short sword.
The orc priest shouts!
You hear a shout! x2
The orc hits you with a +0 club.
You hit the orc but do no damage. The orc hits you but does no damage.
You hit the orc.
The orc is severely wounded.
The orc hits you with a +0 club.
The orc priest calls down the wrath of Beogh upon you.
Beogh smites you!
You closely miss the orc.
The orc is severely wounded.
The orc priest miscasts a cantrip.
The orc barely misses you.
You closely miss the orc.
The orc is severely wounded.
An orc comes into view. It is wielding a +0 dagger.
The orc completely misses you.
You barely miss the orc.
The orc is severely wounded.
The orc shouts!
You hit the orc.
The orc is severely wounded.
The orc hits you but does no damage.
You closely miss the orc.
The orc is severely wounded.
The orc hits you with a +0 war axe.
You are too injured to fight recklessly!
You are too injured to fight recklessly!
Are you sure you want to shaft yourself?
The orc closely misses you.
The orc priest calls upon Beogh to heal the orc.
The orc's wounds heal themselves!
You begin to dig a shaft.
You continue digging a shaft.
The orc priest invokes the aid of Beogh against you.
Beogh smites you!
You die...

#####...#.######
#####...............
............>.#####
##.##.##......###
#.##.###........ #.##.#
#...#.### #.##.#
#......#
#.##.###.#.#..######...
#.##.....#.#...@oooo.#
#.########.#.#######...
#.# #.#..
#.########.###
#..........#
############


You could see an orc priest and 3 orcs.

Vanquished Creatures
  An adder (D:2)
  2 ball pythons (D:2)
  2 endoplasms
  4 giant cockroaches
  2 goblins
  4 hobgoblins
  A kobold (D:3)
  A quokka (D:1)
  6 bats
  A frilled lizard (D:1)
  4 rats
28 creatures vanquished.

Notes
Turn   | Place    | Note
-------+----------+-------------------------------------------
     0 | D:1      | mopl the Formicid Warper began the quest for the Orb.
     0 | D:1      | Reached XP level 1. HP: 16/16 MP: 3/3
    13 | D:1      | Found Miew Zing's Weapon Shoppe.
   147 | D:1      | Found Tyma's Book Shoppe.
   201 | D:1      | Found Narecken's Magic Scroll Shop.
   222 | D:1      | Reached XP level 2. HP: 21/22 MP: 5/5
   321 | D:1      | Found a faded altar of an unknown god.
   561 | D:2      | Reached skill level 3 in Axes
   760 | D:2      | Reached XP level 3. HP: 10/27 MP: 6/6
  1533 | D:3      | Killed from afar by an orc priest

Illustrated notes

Levels and vault maps discovered:
D:1:      spicycebolla_green_bress_n_ham_2, layout_basic, serial_shops,
          nicolae_shop_trees, shop_statue, shop_statue,
          ebering_ecumenical_altar_mist
D:2:      layout_rooms
D:3:      layout_loops_ring, grunt_temple_overflow_open, skrybe_limestone_x

Skill      XL: |  1  2 |
---------------+-------+-----
Axes           | 3 |  3.8
Fighting       | |  2.1
Throwing       | |  1.0
Armour         | |  1.1
Dodging        | |  1.7
Spellcasting   | |  2.1
Translocations | |  2.6

Action                   || total
-------------------------++-------
Melee: Hand axe          ||    94
       Punch             ||     3
 Abil: Shaft Self        ||     1
 Stab: Sleeping          ||     2
Armor: Leather armour    ||     3
       Scale mail        ||    50
Dodge: Dodged            ||    51
